AoeStats
← G2_pizza

Arena

508402727Analyzed
4v4 RM · 11d ago on Sep 22, 2026· 32m 33s· 8 players
Game mode
Random Map
Map size
Large (8 player)
Population
200
Speed
Normal
Resources
Standard
Victory
Conquest
Starting age
Dark Age
Ending age
Imperial Age
RankedLock teamsTeams togetherTeam positionsShared explorationLock speedFull tech treeHidden civsTurbo modeCheats
Victory
Defeat
🇨🇳 Chinese · China
1507
+7
🇨🇳 Ethiopians · China
1488
+7
🇭🇰 Inca · Hong Kong SAR China
1292
+14
753
+31
🇹🇷 Burmese · Türkiye
1299
-17
🇨🇳 Britons · China
1248
-14
🇨🇳 Mongols · China
1247
-14
🇸🇬 Tupi · Singapore
1220
-14
肥肥猫
10:13 Feudal Age
14:04 Castle Age
12:15 Double-Bit Axe
12:41 Horse Collar
20:41 Fletching
21:30 Bow Saw
22:21 Bodkin Arrow
23:12 Padded Archer Armor
24:30 Heavy Plow
25:14 Ballistics
26:36 Leather Archer Armor
27:29 Husbandry
27:57 Gold Mining
28:48 Wheelbarrow
27:58 Loom
28:54 Bloodlines
30:12 Gold Shaft Mining
FatBaby
10:28 Feudal Age
14:20 Castle Age
12:32 Horse Collar
12:46 Double-Bit Axe
15:33 Bow Saw
19:04 Town Watch
22:56 Wheelbarrow
23:25 Stone Mining
23:29 Gold Mining
24:39 Hand Cart
25:22 Loom
29:25 Imperial Age
27:22 Heavy Plow
27:25 Fletching
28:15 Gold Shaft Mining
28:38 Ballistics
28:15 Bodkin Arrow
28:21 Padded Archer Armor
30:09 Bracer
31:10 Chemistry
29:37 Elite Blackwood Archer
smallpox04
10:30 Feudal Age
15:01 Castle Age
13:11 Double-Bit Axe
14:07 Horse Collar
16:41 Town Watch
17:17 Bow Saw
18:39 Loom
21:50 Heavy Plow
22:42 Gold Mining
24:27 Wheelbarrow
25:01 Gold Shaft Mining
29:01 Imperial Age
26:37 Fletching
26:40 Stone Mining
27:40 Hand Cart
27:34 Bodkin Arrow
28:59 Padded Archer Armor
29:46 Bracer
30:48 Chemistry
30:33 Yeomen
30:54 Conscription
31:46 Two-Man Saw
30:56 Scale Mail Armor
31:00 Pikeman
31:54 Elite Longbowman
33:06 Chain Mail Armor
fcureklibatur
11:09 Feudal Age
15:55 Castle Age
14:26 Horse Collar
15:52 Gold Mining
16:39 Stone Mining
17:16 Heavy Plow
20:57 Loom
21:04 Town Watch
22:25 Gold Shaft Mining
24:25 Wheelbarrow
25:44 Manipur Cavalry
29:39 Imperial Age
27:45 Fortified Wall
29:03 Forging
28:59 Scale Barding Armor
29:25 Bloodlines
29:15 Husbandry
30:34 Iron Casting
30:39 Howdah
31:00 Conscription
31:02 Chain Barding Armor
31:43 Crop Rotation
小公子
10:51 Feudal Age
14:35 Castle Age
12:58 Double-Bit Axe
13:33 Horse Collar
15:26 Heavy Plow
15:39 Bow Saw
22:23 Gold Mining
26:12 Imperial Age
24:25 Fletching
24:35 Padded Archer Armor
24:59 Ballistics
25:05 Bodkin Arrow
26:13 Leather Archer Armor
25:41 Crossbowman
26:37 Thumb Ring
27:53 Chemistry
27:36 Bracer
28:38 Arbalester
30:07 Loom
30:57 Wheelbarrow
小白妈妈
0:31 Loom
10:17 Feudal Age
11:11 Double-Bit Axe
14:03 Castle Age
12:37 Horse Collar
12:45 Double-Bit Axe
15:35 Wheelbarrow
21:31 Bow Saw
22:19 Gold Mining
23:14 Hand Cart
22:46 Town Watch
23:18 Heavy Plow
27:40 Imperial Age
26:12 Gold Shaft Mining
25:58 Scale Mail Armor
26:26 Forging
26:23 Squires
26:10 Arson
27:43 Chain Mail Armor
27:46 Capped Ram
28:17 Elite Fire Lancer
29:28 Plate Mail Armor
29:33 Iron Casting
28:51 Siege Ram
30:45 Iron Casting
32:32 Blast Furnace
此身为剑所天成
6:58 Loom
11:51 Feudal Age
13:15 Loom
18:52 Castle Age
17:21 Horse Collar
17:28 Double-Bit Axe
19:33 Town Watch
20:02 Bow Saw
19:54 Heavy Plow
21:07 Crossbowman
24:08 Squires
26:39 Wheelbarrow
26:47 Husbandry
27:42 Fletching
G2_pizza
10:11 Feudal Age
13:48 Castle Age
11:50 Double-Bit Axe
12:41 Horse Collar
15:07 Bow Saw
21:45 Wheelbarrow
20:59 Loom
23:29 Hand Cart
23:08 Gold Mining
24:04 Scale Mail Armor
24:15 Forging
26:54 Imperial Age
25:28 Chain Mail Armor
25:46 Squires
26:59 Capped Ram
27:24 Elite Shotel Warrior
28:44 Plate Mail Armor
32:50 Iron Casting
Connection lost

Rejoining the realm…

Still unreachable

The connection could not be restored.

Session expired

The server has moved on; the page needs a fresh start.